 Dungeon Crawl Stone Soup version 0.22.0-18-ge075c0d (webtiles) character file.

37 Lew the Insei (level 3, 0/28 HPs)
             Began as a Gnoll Transmuter on Aug 18, 2018.
             Slain by a hobgoblin (2 damage)
             ... on level 2 of the Dungeon.
             The game lasted 00:02:46 (940 turns).

Lew the Insei (Gnoll Transmuter)                     Turns: 940, Time: 00:02:47

Health: 0/28       AC:  3    Str: 12    XL:     3   Next: 41%
Magic:  9/9        EV: 15    Int: 15    God:
Gold:   54         SH:  0    Dex: 16    Spells: 11/12 levels left

rFire    . . .     SeeInvis .   c - -3 short sword (curse)
rCold    . . .     Gourm    .   (no shield)
rNeg     . . .     Faith    .   b - +1 robe
rPois    .         Spirit   .   (no helmet)
rElec    .         Reflect  .   (no cloak)
rCorr    .         Harm     .   (no gloves)
MR       .....                  (no boots)
Stlth    ++........             (no amulet)
HPRegen  0.09/turn              (no ring)
MPRegen  0.11/turn              (no ring)

@: no status effects
A: distributed training, fangs 1, strong nose
a: no special abilities


You were on level 2 of the Dungeon.
You were not hungry.

You visited 1 branch of the dungeon, and saw 2 of its levels.

You collected 54 gold pieces.

Inventory:

Hand Weapons
 c - a cursed -3 short sword (weapon)
Missiles
 a - 12 arrows
Armour
 b - a +1 robe (worn)
Scrolls
 f - a scroll of amnesia {unknown}
Potions
 e - a potion of cancellation {unknown}
Comestibles
 d - 2 rations


   Skills:
 + Level 2.6 Fighting
 + Level 0.7 Short Blades
 + Level 0.7 Long Blades
 + Level 0.7 Axes
 + Level 0.7 Maces & Flails
 + Level 0.7 Polearms
 + Level 0.7 Staves
 + Level 0.7 Slings
 + Level 0.7 Bows
 + Level 0.7 Crossbows
 + Level 0.7 Throwing
 + Level 0.7 Armour
 + Level 4.5 Dodging
 + Level 0.7 Stealth
 + Level 0.7 Shields
 + Level 6.5 Unarmed Combat
 + Level 5.0 Spellcasting
 + Level 0.5 Conjurations
 + Level 0.5 Hexes
 + Level 0.5 Charms
 + Level 0.5 Summonings
 + Level 0.5 Necromancy
 + Level 0.5 Translocations
 + Level 3.7 Transmutations
 + Level 0.5 Fire Magic
 + Level 0.5 Ice Magic
 + Level 0.5 Air Magic
 + Level 0.5 Earth Magic
 + Level 0.5 Poison Magic
 + Level 0.9 Invocations
 + Level 0.7 Evocations


You had 11 spell levels left.
You knew the following spells:

 Your Spells              Type           Power        Failure   Level  Hunger
a - Beastly Appendage     Tmut           ###...       3%          1    None

Your spell library contained the following spells:

 Spells                   Type           Power        Failure   Level  Hunger
 Sticks to Snakes         Tmut           ###.....     5%          2    ##.....
 Spider Form              Tmut/Pois      ##........   21%         3    ###....
 Ice Form                 Ice/Tmut       ##......     56%         4    ####...
 Blade Hands              Tmut           ###.......   67%         5    ######.


Dungeon Overview and Level Annotations

Branches:
Dungeon (2/15)

Altars:


Innate Abilities, Weirdness & Mutations

Your experience applies equally to all skills.
You have very sharp teeth.
Your uncanny sense of smell can sniff out nearby items.


Message History

You kill the worm!
Your talons disappear.
A hobgoblin comes into view.
Found a glowing wooden ring.
You see here a scroll labeled ZAMEUHUREPH.
f - a scroll labeled ZAMEUHUREPH The hobgoblin shouts!
You hit the hobgoblin.
You bite the hobgoblin, but do no damage.
The hobgoblin is moderately wounded.
The hobgoblin hits you.
* * * LOW HITPOINT WARNING * * *
You hit the hobgoblin but do no damage.
You bite the hobgoblin, but do no damage.
The hobgoblin is moderately wounded.
The hobgoblin misses you. The hobgoblin closely misses you.
You barely miss the hobgoblin.
The hobgoblin is lightly wounded.
The hobgoblin hits you.
You die...

..###.##....### #.
#.#............ #.
#.#.#.......##
#.###.#...<........
#.#........####....
#.#................
#.#.............. .
##.####....######.
#.g@...........
#######......##
#......# #....###
#...... #.......
####=... ....


You could see a hobgoblin.

Vanquished Creatures
  An ooze (D:1)
  A worm (D:2)
  2 leopard geckos (D:1)
  2 bats (D:1)
  3 giant cockroaches (D:1)
  7 goblins (D:1)
  3 hobgoblins (D:1)
  2 kobolds (D:1)
  3 frilled lizards
  2 rats (D:1)
26 creatures vanquished.

Notes
Turn   | Place    | Note
-------+----------+-------------------------------------------
     0 | D:1      | Lew the Gnoll Transmuter began the quest for the Orb.
     0 | D:1      | Reached XP level 1. HP: 17/17 MP: 6/6
   221 | D:1      | Reached XP level 2. HP: 16/23 MP: 7/7
   512 | D:1      | Reached XP level 3. HP: 28/28 MP: 9/9
   636 | D:1      | Reached skill level 5 in Spellcasting
   940 | D:2      | Slain by a hobgoblin

Skill      XL: |  1  2  3 |
---------------+----------+-----
Spellcasting   | 5 |  5.0
Fighting       | |  2.6
Short Blades   | |  0.7
Long Blades    | |  0.7
Axes           | |  0.7
Maces & Flails | |  0.7
Polearms       | |  0.7
Staves         | |  0.7
Slings         | |  0.7
Bows           | |  0.7
Crossbows      | |  0.7
Throwing       | |  0.7
Armour         | |  0.7
Dodging        | |  4.5
Stealth        | |  0.7
Shields        | |  0.7
Unarmed Combat | |  6.5
Conjurations   | |  0.5
Hexes          | |  0.5
Charms         | |  0.5
Summonings     | |  0.5
Necromancy     | |  0.5
Translocations | |  0.5
Transmutations | |  3.7
Fire Magic     | |  0.5
Ice Magic      | |  0.5
Air Magic      | |  0.5
Earth Magic    | |  0.5
Poison Magic   | |  0.5
Invocations    | |  0.9
Evocations     | |  0.7

Action                   || total
-------------------------++-------
Melee: Short sword       ||    72
       Unarmed           ||     4
       Kick              ||    10
       Bite              ||     9
       Punch             ||     2
       Headbutt          ||     6
 Cast: Beastly Appendage ||    12
  Use: Scroll            ||     4
 Stab: Sleeping          ||     7
Armor: Robe              ||     8
Dodge: Dodged            ||    46
